Debil, chaotic male human Barbarian -- ..| ..--- --- --.... --.... |>.. ---....... - ----@- |...........----...d| -............--)--- --..............G..| |..................-- --- ---. ---.........---.--- -- |......%........| ---.....f...*....| -..................-- | --...........<.| ...--..........| ....- ---........| ----. --...--.-- -- -------- Debil the Barbarian Experience level: 5 Strength: 18/01 Dexterity: 16 Constitution: 17 Intelligence: 8 Wisdom: 8 Charisma: 7 Health: 0(48) Energy: 10(12) Def: 7 Gold: 242 Moves: 3620 Dungeon seed [set]: Game ID: Debil_1685885705 Your Inventory: Coins $ - 242 gold pieces Weapons a - a blessed +0 two-handed sword (weapon in hands) b - an uncursed +0 axe (alternate weapon; not wielded) E - an uncursed +0 dagger Armor n - an uncursed +0 orcish helm (being worn) q - a blessed +0 dwarvish mithril-coat (being worn) y - an uncursed +0 dwarvish cloak N - an uncursed +0 pair of iron shoes Comestibles h - 3 uncursed lichen corpses i - a blessed tin of kobold meat m - an uncursed sprig of wolfsbane Scrolls f - a blessed scroll of enchant weapon s - a blessed scroll of punishment w - an uncursed scroll of light Potions t - an uncursed potion of extra healing u - an uncursed potion of blindness x - 2 uncursed potions of hallucination z - an uncursed potion of oil G - an uncursed potion of paralysis Rings A - an uncursed +2 ring of gain strength Wands g - a blessed wand of create monster (0:10) v - an uncursed wand of light (0:12) F - an uncursed wand of opening (0:6) Tools c - an uncursed credit card o - an uncursed tinning kit (0:73) p - a cursed oil lamp (0:1044) C - an uncursed bag of holding Gems e - 2 uncursed garnets r - an uncursed opal Contents of the bag of holding: a [uncursed] scroll of enchant weapon Spells and supernatural/magical abilities: Name Level Category Fail Memory W - pray for help -- divine ? -- Your skills at the end: Miscellaneous Skills bare handed combat [Basic] Weapon Skills axe [Basic] two-handed sword [Basic] Spellcasting Skills Final Attributes: You were piously aligned. You were poison resistant. Your writing hand was cramped from overuse. You were lucky. You are dead. Vanquished creatures: a djinni a housecat a fog cloud 2 gnome lords a red naga hatchling a golden naga hatchling a giant ant a puppy 3 dwarves a rothe a rabid rat 2 jitterbugs a wererat a coyote a gas spore a hobbit 2 acid blobs 5 geckos a hobgoblin 2 cave spiders a yellow mold 9 gnomes 4 manes 6 jackals a kobold 3 newts 4 goblins 3 sewer rats 8 grid bugs 2 bats 7 lichens 78 creatures vanquished. Voluntary challenges: You did not adorn yourself with jewelry or accessories. You did not cause conflict. You were not invisible. You did not have reflection. You were not displaced. You did not donate to any temples.. You used a wielded weapon 66 times, starting on turn 2. You did not use containers. You did not apply a unicorn horn. You did not use plumbed fixtures. You read items or engraved 5 times, starting on turn 175. You never genocided any monsters. You never polymorphed an object. You never changed form. You used no wishes. You did not use any artifacts. You never split a pudding. You wrote Elbereth's name 4 times, starting on turn 175. You never violated your personal moral code. Dungeon overview: The Dungeons of Doom: levels 1 to 5 Level 1 (my ring mail) a vault, some fountains a long staircase Level 2 Level 3 a vault stairs to The Gnomish Mines Level 4 a delicatessen Level 5 many fountains The Gnomish Mines: levels 4 to 5 Level 4 stairs to The Dungeons of Doom Level 5 <- You were here History has recorded: On T:1 you entered the Dungeons of Doom to retrieve the Amulet of Yendor! On T:453 you reached level 2 of The Dungeons of Doom. On T:453 you unlocked the Ranger role by using stairs. On T:574 you advanced to experience level 2. On T:1054 you reached level 3 of The Dungeons of Doom. On T:1318 you reached level 1 of The Gnomish Mines. On T:1318 you unlocked the Rogue role by using long stairs. On T:1334 you advanced to experience level 3. On T:1577 you reached level 4 of The Dungeons of Doom. On T:1669 you prayed to Set. On T:2109 you reached level 5 of The Dungeons of Doom. On T:2168 you advanced to experience level 4. On T:3265 you advanced to experience level 5. On T:3605 you reached level 2 of The Gnomish Mines. Score breakdown: Gold: 242 ( 24 points) Experience: 5 levels ( 400 points) Exploration: 5 levels ( 120 points) Discoveries: 15 items ( 750 points) Variety of kills: 31 monsters ( 1550 points) Major goal: (nothing yet) ( 0 points) Survival: died (score multiplied by 3) Total score: 8532 Latest messages: The housecat bites! The housecat misses. The puppy misses the housecat. You kill the housecat! The housecat misses. The puppy misses the housecat. The gnome lord wields a dagger! The gnome wields a bow! The puppy misses the housecat. You kill the gnome! The housecat bites! The puppy bites the housecat. The housecat bites! The housecat misses the puppy. You feel your magical energy drain away! The gnome lord throws 2 daggers! The 1st dagger misses the puppy. You are hit by the 1st dagger. You hear the howling of the CwnAnnwn... The 2nd dagger hits the puppy. The puppy bites! You die... Final status: Goodbye Debil the Barbarian, killed by a puppy... You died in The Gnomish Mines on dungeon level 5 with 8532 points, and 242 pieces of gold, after 3620 moves. You were level 5 with a maximum of 48 hit points when you died.